 Seeded DCSS version 0.30-a0-738-g116ff8c4af (webtiles) character file.

Game seed: 394332929563463235 (custom seed)

102 timneilson the Shield-Bearer (level 4, -3/29 HPs)
             Began as a Gargoyle Fighter on Feb 3, 2023.
             Slain by a black bear (6 damage)
             ... on level 4 of the Dungeon.
             The game lasted 00:03:19 (2467 turns).

timneilson the Shield-Bearer (Gargoyle Fighter)     Turns: 2467, Time: 00:03:20

Health: -3/29      AC: 15    Str: 21    XL:     4   Next: 77%
Magic:  4/4        EV:  7    Int:  9    God:
Gold:   220        SH:  4    Dex:  9    Spells: 3/3 levels left

rFire   . . .      SeeInvis .    a - +1 long sword
rCold   . . .      Faith    .    c - +0 buckler
rNeg    + . .      Spirit   .    i - +0 chain mail
rPois   ∞          Reflect  .    (no helmet)
rElec   +          Harm     .    n - +0 cloak
rCorr   .          Rampage  .    (no gloves)
Will    .....                    l - +0 pair of boots Stlth
                                 (no amulet)
HPRegen 0.24/turn                (no ring)
MPRegen 0.09/turn                (no ring)

@: mighty, studying Dodging
A: sickness immunity, AC +3, negative energy resistance 1, electricity
resistance, torment resistance 1, petrification resistance
a: no special abilities


You were on level 4 of the Dungeon.
You visited 1 branch of the dungeon, and saw 4 of its levels.

You collected 220 gold pieces.

Inventory:

Hand Weapons
 a - a +1 long sword (weapon)
Armour
 c - a +0 buckler (worn)
 i - a +0 chain mail (worn)
 l - a +0 pair of boots (worn)
 n - a +0 cloak (worn)
Scrolls
 h - 2 scrolls of teleportation
 m - a scroll of enchant weapon
Potions
 b - 3 potions of mutation
 d - a potion of might
 e - a potion of brilliance
 f - 3 potions of curing {unknown}
 g - a potion of ambrosia {unknown}
 j - 3 potions of lignification
 k - a potion of flight {unknown}


   Skills:
 + Level 3.6 Fighting
 * Level 2.6 Long Blades
 * Level 4.0 Armour
 + Level 1.0 Dodging
 * Level 4.1 Shields


You had 3 spell levels left.
You didn't know any spells.
Your spell library contained the following spells:

 Spells                   Type           Power      Damage    Failure   Level
 Ensorcelled Hibernation  Hex/Ice        0%         N/A       100%        2
 Passwall                 Tmut/Erth      0%         N/A       100%        2
 Swiftness                Air            0%         N/A       100%        3


Dungeon Overview and Level Annotations

Branches:
Dungeon (4/15)
 Temple: D:4-7

Altars:
Kikubaaqudgha
Makhleb
Sif Muna


Innate Abilities, Weirdness & Mutations

You are immune to sickness and miasma.
Your stone body is resilient. (AC +3)
You are immune to poison.
You resist negative energy. (rN+)
You are resistant to electric shocks. (rElec)
You are resistant to unholy torment.
You are immune to petrification.


Message History

You block the black bear's attack.
The black bear claws you but does no damage.
There is a stone staircase leading up here.
The black bear attacks as you move away!
The black bear closely misses you. You block the black bear's attack.
The black bear claws you but does no damage.
The black bear attacks as you move away!
The black bear bites you. You block the black bear's attack.
The black bear completely misses you.
The black bear attacks as you move away!
The black bear bites you. The black bear claws you.
The black bear claws you but does no damage.
You feel very mighty all of a sudden. The black bear barely misses you.
The black bear claws you but does no damage. x2
You slash the black bear!
The black bear is moderately wounded.
The black bear bites you but does no damage.
The black bear claws you. You block the black bear's attack.
The black bear bites you.
The black bear claws you but does no damage.
The black bear barely misses you.
You slash the black bear!
The black bear is severely wounded.
The black bear goes berserk!
You closely miss the black bear.
The black bear is severely wounded.
The black bear bites you.
The black bear claws you but does no damage. x2
The black bear bites you but does no damage.
The black bear claws you.
* * * LOW HITPOINT WARNING * * *
The black bear claws you but does no damage.
You slash the black bear!
The black bear is almost dead.
The black bear bites you.
* * * LOW HITPOINT WARNING * * *
The black bear claws you but does no damage.
The black bear claws you.
You die...

#.# ####### ##### #.# ......#
#...######.# .# ......#
#...##.....##.#
......###...##.###....#
######.............##.######
....##.#......##.#.##.......
....##........##.#.##.......
....###.......##@#.##.......
....##.....#####h#.÷..#
....##......## #.#.##.#
....##........##.#.##.# .###
######.#....##.....##.###....
# ......................... #
.......................... #
..............w............
.............................


You could see a black bear (berserk) and a worm.

Vanquished Creatures
  A hound (D:4)
  2 adders (D:2)
  2 worms (D:2)
  An orc (D:2)
  4 ball pythons
  6 endoplasms
  2 giant cockroaches
  5 goblins
  3 hobgoblins
  A quokka (D:1)
  3 bats
  3 frilled lizards
  6 kobolds
  5 rats
44 creatures vanquished.

Notes
Turn   | Place    | Note
-------+----------+-------------------------------------------
     0 | D:1      | timneilson the Gargoyle Fighter began the quest for the
                  | Orb.
     0 | D:1      | Reached XP level 1. HP: 14/14 MP: 1/1
   184 | D:1      | Reached XP level 2. HP: 19/19 MP: 2/2
   811 | D:2      | Reached XP level 3. HP: 23/23 MP: 3/3
  1545 | D:2      | Reached XP level 4. HP: 28/28 MP: 4/4
  1883 | D:3      | Found an ancient bone altar of Kikubaaqudgha.
  1883 | D:3      | Found a burning altar of Makhleb.
  2125 | D:3      | Identified a scroll of acquirement
  2125 | D:3      | Acquired a manual of Dodging
  2271 | D:4      | Reached skill level 1 in Dodging
  2364 | D:4      | Found a shimmering blue altar of Sif Muna.
  2436 | D:4      | Noticed a black bear
  2467 | D:4      | Slain by a black bear

Illustrated notes

Levels and vault maps discovered:
D:1:      matt_arrival_los_fun, layout_rooms, minmay_pentomino_r4
D:2:      layout_loops_corners, chequers_big_river
D:3:      minmay_door_path, layout_rooms, nicolae_overflow_two_pavilions,
          uniq_sigmund
D:4:      layout_basic, general_overflow_altar, lightli_minifort

Skill      XL: |  1  2  3  4 |
---------------+-------------+-----
Long Blades    | 2 |  2.6
Shields        | 4 |  4.1
Armour         | 4 |  4.0
Dodging        | 1 |  1.0
Fighting       | |  3.6

Action                     |  1- 3 |  4- 6 || total
---------------------------+-------+-------++-------
  Melee: Long sword        |   149 |    47 ||   196
    Use: Scroll            |     4 |     5 ||     9
         Potion            |       |     1 ||     1
 Armour: Scale mail        |    13 |       ||    13
         Chain mail        |    86 |    41 ||   127
  Dodge: Dodged            |    71 |    26 ||    97
  Block: Buckler           |    36 |    16 ||    52

Table legend: (Time is in decaauts)
 A = Elapsed time spent in this place.
 B = Non-inter-level travel time spent in this place.
 C = Inter-level travel time spent in this place.
 D = Time resting spent in this place.
 E = Time spent auto-exploring this place.
 F = Levels seen in this place.
 G = Mean time per level.
                   A        B        C        D        E       F      G
               +--------+--------+--------+--------+--------+-----+--------+
         Total |   2541 |   2391 |    150 |     32 |   1746 |   4 |  635.2 |
       Dungeon |   2541 |   2391 |    150 |     32 |   1746 |   4 |  635.2 |
               +--------+--------+--------+--------+--------+-----+--------+

Top non-repeatable levels by time:
     D:2: 1117 daAuts
     D:1: 705 daAuts
     D:3: 440 daAuts
     D:4: 278 daAuts
